 Dungeon Crawl Stone Soup version 0.23.2-1-ga50397a6bc (webtiles) character file.

Game seed: 14660195447241304632

1971 Foic the Covert (level 9, 0/42 HPs)
             Began as a Vine Stalker Enchanter on May 26, 2019.
             Was an Initiate of Dithmenos.
             Slain by a brown ugly thing (7 damage)
             ... on level 8 of the Dungeon.
             The game lasted 00:37:45 (9116 turns).

Foic the Covert (Vine Stalker Enchanter)            Turns: 9116, Time: 00:37:46

Health: 0/42       AC:  2    Str: 11    XL:     9   Next: 20%
Magic:  0/18       EV: 14    Int: 15    God:    Dithmenos [......]
Gold:   419        SH:  0    Dex: 18    Spells: 12/19 levels left

rFire    . . .     SeeInvis .   a - +1 dagger
rCold    . . .     Gourm    .   (no shield)
rNeg     . . .     Faith    .   b - +0 robe
rPois    +         Spirit   +   (no helmet)
rElec    .         Reflect  .   (no cloak)
rCorr    .         Harm     .   (no gloves)
MR       ++...                  (no boots)
Stlth    ++++......             (no amulet)
HPRegen  0.54/turn              c - ring of poison resistance
MPRegen  0.16/turn              g - ring of protection from magic

@: no status effects
A: fangs 3, regeneration 1, magic shield, antimagic bite, no potion heal 3, rot
immunity
a: Renounce Religion


You were on level 8 of the Dungeon.
You worshipped Dithmenos.
Dithmenos was noncommittal.
You were very hungry.

You visited 2 branches of the dungeon, and saw 9 of its levels.

You collected 419 gold pieces.

Inventory:

Hand Weapons
 a - a +1 dagger (weapon)
 h - a +0 hunting sling
Missiles
 r - 2 javelins (quivered)
Armour
 b - a +0 robe (worn)
Jewellery
 c - a ring of poison resistance (left hand)
 f - an uncursed ring of poison resistance
 g - a ring of protection from magic (right hand)
 v - a +4 ring of intelligence
 F - an uncursed ring of flight
Wands
 B - a wand of polymorph (11)
Scrolls
 e - a scroll of fog
 i - 2 scrolls of identify
 j - 2 scrolls of blinking {unknown}
 k - 4 scrolls of amnesia {unknown}
 l - 2 scrolls of teleportation {unknown}
 n - a scroll of immolation {unknown}
 o - a scroll of random uselessness {unknown}
 p - a scroll of enchant weapon {unknown}
 y - 2 scrolls of magic mapping {unknown}
 z - a scroll of noise {unknown}
 E - 2 scrolls of remove curse {unknown}
Potions
 m - 2 potions of haste {unknown}
 q - 3 potions of agility {unknown}
 s - a potion of cancellation {unknown}
 t - a potion of brilliance {unknown}
 u - 2 potions of flight {unknown}
 w - 2 potions of lignification {unknown}
 x - a potion of curing
 A - a potion of invisibility
 D - a potion of resistance {unknown}
Comestibles
 d - 10 rations


   Skills:
 + Level 1.6 Fighting
 * Level 3.2 Short Blades
 * Level 4.0 Dodging
 * Level 9.2 Stealth
 + Level 5.8 Spellcasting
 + Level 6.0 Hexes


You had 12 spell levels left.
You knew the following spells:

 Your Spells              Type           Power        Failure   Level  Hunger
a - Corona                Hex            ###....      1%          1    None
b - Confuse               Hex            ###.....     3%          3    ###....
c - Tukima's Dance        Hex            ###.....     3%          3    ###....

Your spell library contained the following spells:

 Spells                   Type           Power        Failure   Level  Hunger
 Ensorcelled Hibernation  Hex/Ice        ##....       7%          2    #......
 Dazzling Spray           Conj/Hex       ##....       13%         3    ###....
 Animate Skeleton         Necr           N/A          16%         1    None
 Beastly Appendage        Tmut           #.....       16%         1    None
 Pain                     Necr           #...         16%         1    None
 Sticks to Snakes         Tmut           #.......     22%         2    #......
 Regeneration             Chrm/Necr      #.........   41%         3    ###....
 Spider Form              Tmut/Pois      #.........   41%         3    ###....
 Vampiric Draining        Necr           #.........   41%         3    ###....
 Animate Dead             Necr           N/A          83%         4    ####...
 Ice Form                 Ice/Tmut       #.......     83%         4    ####...
 Blade Hands              Tmut           #.........   99%         5    ######.
 Bolt of Magma            Conj/Fire/Erth #.........   99%         5    ######.
 Iskenderun's Battlesphe  Conj/Chrm      #.......     99%         5    ######.
 Venom Bolt               Conj/Pois      #.........   99%         5    ######.
 Iron Shot                Conj/Erth      #.........   100%        6    #######
 Orb of Destruction       Conj           #.........   100%        7    #######
 Spellforged Servitor     Conj/Summ      #.........   100%        7    #######


Dungeon Overview and Level Annotations

Branches:
Dungeon (8/15)             Temple (1/1) D:4
   Lair: D:8-11

Altars:
Dithmenos
Elyvilon
Fedhas
Gozag
Hepliaklqana
Kikubaaqudgha
Makhleb
Nemelex Xobeh
Qazlal
Uskayaw
Wu Jian
Xom
Yredelemnul
Zin
The Shining One

Annotations:
D:6 2 transporters, Foic's ghost, novice TrFi


Innate Abilities, Weirdness & Mutations

You have razor-sharp teeth.
Your natural rate of healing is unusually fast.
When hurt, damage is shared between your health and your magic reserves.
Your bite disrupts and absorbs the magic of your enemies.
Potions cannot restore your health.
You are immune to rotting.


Message History

A hungry ghost comes into view.
The cyclops shouts!
The brown ugly thing gurgles horribly!
The cyclops throws a large rock.
The large rock hits you!
You see here a large rock.
Casting: Confuse (safe; 3% risk of failure)
Confirm with . or Enter, or press ? or * to list all spells.
Aiming: Confuse (safe; 3% risk of failure)
Press: ? - help, Shift-Dir - straight line, f - brown ugly thing
Aim: a brown ugly thing (chance to defeat MR: 34%)
The brown ugly thing easily resists.
The brown ugly thing closely misses you.
The cyclops throws a large rock.
The large rock hits you!!
Ouch! That really hurt!
* * * LOW HITPOINT WARNING * * *
The cyclops throws a large rock.
The large rock completely misses you. The hungry ghost hits you.
* * * LOW HITPOINT WARNING * * *
You are feeling very hungry.
The brown ugly thing punches you!
You die...

#..........#
#.......<...#
##..(........#
#.....C......#
#............#
##............#
##........<....#
#..(...Wu......#
#.#.....@......#
...##...........#
....#
#......<...##
......
#..........#
.....#
#..........#
.....
#..........#
..##.
#..........#
##........##
#.......##


You could see a brown ugly thing, a cyclops and a hungry ghost.

Vanquished Creatures
  Grinder (D:4)
  2 orc warriors
  2 sky beasts
  A phantom (D:3)
  3 ogres
  2 centaurs (D:7)
  2 bullfrogs
  A scorpion (D:8)
  2 crimson imps (D:4)
  2 hounds
  5 orc wizards
  5 orc priests
  A centaur skeleton (D:6)
  A worker ant (D:3)
  A howler monkey skeleton (D:4)
  7 gnolls
  5 adders
  A shadow imp (D:3)
  3 oozes
  An adder zombie (D:5)
  4 worms
  4 dart slugs
  2 leopard geckos (D:2)
  23 orcs
  3 giant cockroaches
  8 goblins
  9 hobgoblins
  10 kobolds
  5 quokkas
  3 ball pythons
  6 bats
  4 frilled lizards
  A jackal skeleton (D:4)
  A jackal zombie (D:7)
  5 rats
136 creatures vanquished.

Notes
Turn   | Place    | Note
-------+----------+-------------------------------------------
     0 | D:1      | Foic the Vine Stalker Enchanter began the quest for the
                  | Orb.
     0 | D:1      | Reached XP level 1. HP: 9/9 MP: 4/4
   222 | D:1      | Reached skill level 4 in Stealth
   222 | D:1      | Reached XP level 2. HP: 13/13 MP: 4/6
   919 | D:1      | Reached skill level 1 in Short Blades
   919 | D:1      | Reached XP level 3. HP: 13/16 MP: 4/7
   979 | D:1      | Learned a level 3 spell: Confuse
  1394 | D:2      | Found a stormy altar of Qazlal.
  2051 | D:2      | Found an opulent altar of Gozag.
  2291 | D:2      | Gained mutation: Your natural rate of healing is unusually
                  | fast. [Vine Stalker growth]
  2291 | D:2      | Reached XP level 4. HP: 15/21 MP: 6/8
  2986 | D:3      | Found a glowing golden altar of the Shining One.
  3148 | D:3      | Found a faded altar of an unknown god.
  3584 | D:4      | Noticed an ogre
  3885 | D:3      | Killed an ogre
  3885 | D:3      | Reached skill level 5 in Stealth
  3885 | D:3      | Reached XP level 5. HP: 10/24 MP: 3/11
  3957 | D:4      | Reached XP level 6. HP: 28/28 MP: 8/12
  4540 | D:3      | Learned a level 3 spell: Tukima's Dance
  4897 | D:4      | Reached XP level 7. HP: 32/32 MP: 8/14
  4953 | D:4      | Reached skill level 6 in Stealth
  4978 | D:4      | Found a glowing silver altar of Zin.
  5829 | D:4      | Found a staircase to the Ecumenical Temple.
  6038 | Temple   | Entered the Ecumenical Temple
  6086 | Temple   | Became a worshipper of Dithmenos the Shadowed
  6583 | D:5      | Entered Level 5 of the Dungeon
  6766 | D:5      | Reached skill level 7 in Stealth
  6864 | D:5      | Noticed Grinder
  6871 | D:5      | Paralysed by Grinder for 5 turns
  6996 | D:4      | Killed Grinder
  6996 | D:4      | Reached skill level 1 in Fighting
  6996 | D:4      | Reached skill level 5 in Spellcasting
  6996 | D:4      | Reached skill level 5 in Hexes
  6996 | D:4      | Gained mutation: You have razor-sharp teeth. [Vine Stalker
                  | growth]
  6996 | D:4      | Reached XP level 8. HP: 18/37 MP: 12/16
  7637 | D:6      | Found a transporter.
  7637 | D:6      | Noticed Foic's ghost (novice TrFi)
  7640 | D:6      | Noticed a troll
  7735 | D:6      | Reached skill level 8 in Stealth
  7761 | D:6      | Found a transporter.
  8442 | D:7      | Reached XP level 9. HP: 41/41 MP: 18/18
  8621 | D:7      | Reached skill level 9 in Stealth
  9104 | D:8      | Noticed a brown ugly thing
  9105 | D:8      | Noticed a cyclops
  9116 | D:8      | Slain by a brown ugly thing

Skill      XL: |  1  2  3  4  5  6  7  8  9 |
---------------+----------------------------+-----
Stealth        | 4 5 7 8 9 |  9.2
Short Blades   | 1 2 3 |  3.2
Spellcasting   | 3 4 5 |  5.8
Dodging        | 2 3 4 |  4.0
Hexes          | 4 5 6 |  6.0
Fighting       | 1 |  1.6

Action                   |  1- 3 |  4- 6 |  7- 9 || total
-------------------------+-------+-------+-------++-------
Melee: Dagger            |    97 |   118 |   300 ||   515
       Bite              |    19 |    35 |    99 ||   153
 Cast: Corona            |    23 |     7 |       ||    30
       Confuse           |     4 |    58 |    68 ||   130
       Tukima's Dance    |       |     1 |     1 ||     2
  Use: Scroll            |     3 |     1 |     1 ||     5
 Stab: Sleeping          |    13 |     5 |    12 ||    30
       Confused          |     1 |    21 |    34 ||    56
  Eat: Chunk             |     5 |    11 |    15 ||    31
       Ration            |       |     1 |     1 ||     2
Armor: Robe              |     4 |     9 |    17 ||    30
Dodge: Dodged            |    47 |    79 |   181 ||   307
